 Dungeon Crawl Stone Soup version 0.31.0-4-g52a2dc7128 (webtiles) character file.

Game seed: 8124659388488911883

6398 inmateoo the Covert (level 10, 0/68 HPs)
             Began as an Octopode Alchemist on Jan 21, 2024.
             Was a Follower of Vehumet.
             Slain by a steam dragon (3 damage)
             ... on level 9 of the Dungeon.
             The game lasted 00:16:01 (10683 turns).

inmateoo the Covert (Octopode Alchemist)           Turns: 10683, Time: 00:16:02

Health: 0/68       AC:  1    Str:  7    XL:     10   Next: 98%
Magic:  4/18       EV: 15    Int: 22    God:    Vehumet [*.....]
Gold:   437        SH:  0    Dex: 13    Spells: 5/20 levels left

rFire   . . .        b - +1 whip "Tapag" {heavy, rElec rPois}
rCold   . . .        h - orb {light}
rNeg    + . .        (helmet restricted)
rPois   +            v - amulet of the acrobat
rElec   +            t - ring of positive energy
rCorr   .            (no ring)
SInv    .            (no ring)
Will    .....        (no ring)
Stlth   ++           (no ring)
HPRegen 0.31/turn    (no ring)
MPRegen 0.16/turn    (no ring)
                     (no ring)

%: acrobat
@: glowing
A: almost no armour, amphibious, 8 rings, camouflage 1, gelatinous body 1,
(nimble swimmer 1), tentacles
a: Renounce Religion


You were on level 9 of the Dungeon.
You worshipped Vehumet.
Vehumet was aware of your devotion.
You visited 2 branches of the dungeon, and saw 10 of its levels.

You collected 437 gold pieces.

Inventory:

Hand Weapons
 b - the +1 whip "Tapag" (weapon) {heavy, rElec rPois}
   (You took it off a gnoll on level 3 of the Dungeon)

   rElec:     It insulates you from electricity.
   rPois:     It protects you from poison
Armour
 h - an orb of light (worn)
Jewellery
 q - a ring of ice
 t - a ring of positive energy (left tentacle)
 v - an amulet of the acrobat (around mantle)
Wands
 d - a wand of mindburst (14)
 f - a wand of flame (22)
 m - a wand of roots (3)
 o - a wand of charming (5)
Scrolls
 e - a scroll of poison
 l - 2 scrolls of vulnerability
 p - a scroll of teleportation
 r - 2 scrolls of revelation
 x - a scroll of enchant weapon
Potions
 a - 2 potions of magic
 c - a potion of curing
 g - a potion of enlightenment
 i - a potion of attraction
 j - 2 potions of might
 k - a potion of cancellation
 n - a potion of invisibility
 u - a potion of haste {unknown}
 w - a potion of mutation {unknown}


   Skills:
 + Level 5.9 Fighting
 + Level 6.1 Dodging
 + Level 8.0 Stealth
 + Level 5.8 Unarmed Combat
 + Level 5.7 Spellcasting
 + Level 5.3 Conjurations
 + Level 4.5 Air Magic
 + Level 8.0 Alchemy


You had 5 spell levels left.
You knew the following spells:

 Your Spells              Type           Power      Damage    Failure   Level
a - Sting                 Conj/Alch      100%       1d9       1%          1
b - Mercury Vapours       Alch/Air       68%        N/A       1%          2
c - Mephitic Cloud        Conj/Alch/Air  32%        N/A       2%          3
d - Olgreb's Toxic Radia  Alch           41%        N/A       3%          4
e - Irradiate             Conj/Alch      17%        3d17      17%         5

Your spell library contained the following spells:

 Spells                   Type           Power      Damage    Failure   Level
 Kiss of Death            Conj/Necr      72%        2d10      3%          1
 Momentum Strike          Conj/Tloc      36%        3d9       4%          2
 Fulminant Prism          Conj/Alch      17%        3d10      6%          4
 Slow                     Hex            24%        N/A       10%         1
 Hailstorm                Conj/Ice       18%        3d7       10%         3
 Sticky Flame             Fire/Alch      23%        2d6       19%         4
 Confusing Touch          Hex            6%         N/A       28%         3
 Gell's Gravitas          Tloc           6%         N/A       28%         3
 Sigil of Binding         Hex            6%         N/A       28%         3
 Teleport Other           Tloc           6%         N/A       28%         3
 Tukima's Dance           Hex            6%         N/A       28%         3
 Vampiric Draining        Necr           6%         2d6       28%         3
 Iskenderun's Battlesphe  Conj           29%        2d8       28%         5
 Brom's Barrelling Bould  Conj/Erth      18%        2d4       30%         4
 Iskenderun's Mystic Bla  Conj/Tloc      18%        2d6       30%         4
 Fireball                 Conj/Fire      9%         3d6       65%         5
 Dimensional Bullseye     Hex/Tloc       3%         N/A       67%         4
 Conjure Ball Lightning   Conj/Air       14%        3x3d6     88%         6
 Dispersal                Tloc           3%         N/A       100%        6
 Orb of Destruction       Conj           14%        9d7       100%        7
 Chain Lightning          Conj/Air       14%        3d18      100%        9


Dungeon Overview and Level Annotations

Branches:
Dungeon (9/15)             Temple (1/1) D:6            Lair (0/5) D:8
    Orc: D:9-12

Altars:
Ashenzari
Cheibriados
Dithmenos
Elyvilon
Fedhas
Gozag
Hepliaklqana
Kikubaaqudgha
Makhleb
Nemelex Xobeh
Okawaru
Qazlal
Ru
Uskayaw
Vehumet
Wu Jian
Xom
Yredelemnul
Zin
The Shining One


Innate Abilities, Weirdness & Mutations

You cannot wear most types of armour.
You are amphibious.
You can wear up to eight rings at the same time.
Your skin changes colour to match your surroundings (Stealth+).
Your rubbery body absorbs attacks. (AC +1, EV +1)
((You are camouflaged when in or above water. (Stealth+)))
You have tentacles for arms and can constrict up to eight enemies at once.


Message History

The troll is engulfed in noxious fumes.
The troll appears confused.
You whack the troll!
The troll is almost dead.
The centaur warrior is engulfed in noxious fumes.
The centaur warrior hits you. The centaur warrior closely misses you.
The centaur warrior is engulfed in noxious fumes.
The centaur warrior closely misses you. The centaur warrior kicks you.
The centaur warrior hits itself!
The centaur warrior is killed!
Vehumet accepts your kill.
The troll is engulfed in noxious fumes.
The troll appears confused.
The troll is engulfed in noxious fumes.
The troll appears confused.
You completely miss the troll.
The troll is almost dead.
The troll is engulfed in noxious fumes.
The troll is engulfed in noxious fumes.
The troll appears confused.
You see here a +0 shortbow.
You whack the troll!
You kill the troll!
Vehumet accepts your kill.
You feel your power returning.
The troll leather armour is intact enough to wear.
Your Stealth skill increases to level 8!
Your Alchemy skill increases to level 8!
A bullfrog comes into view.
A bullfrog is nearby!
A bullfrog is nearby!
A steam dragon comes into view.
You strike the helpless steam dragon from behind!
You hit the steam dragon. You squeeze the steam dragon.
The steam dragon is lightly wounded.
The steam dragon bites you! The steam dragon claws you.
The steam dragon breathes steam at you. The ball of steam hits you!!
You hit the steam dragon. You squeeze the steam dragon!
The steam dragon is heavily wounded.
You are engulfed in a cloud of scalding steam.
* * * LOW HITPOINT WARNING * * *
The steam dragon barely misses you. The steam dragon claws you.
You die...

. ..##### .......
#F.....
#......###########
#/.....)#.........
......[☼...######
..#######.@###
#D...####
#######.##....##
..[............##.#
#######.#####..##.#
#.# #<#.##.# #.#
#.#.##.# ...
..#.##.# ###
#.######..#.#


You could see a steam dragon (catching breath).

Vanquished Creatures
  2 centaur warriors
  Maurice (D:8)
  A troll (D:9)
  3 yaks
  3 wyverns (D:8)
  A steam dragon (D:6)
  Menkaure (D:7)
  4 water moccasins (D:7)
  An ice beast (D:7)
  2 black bears
  5 ogres
  A centaur (D:8)
  A phantom (D:6)
  6 bullfrogs
  5 scorpions
  3 wights (D:8)
  4 killer bees (D:8)
  4 bombardier beetles (D:6)
  3 howler monkeys
  A lava snake (D:7)
  3 jellies
  5 orc priests
  6 hounds
  Jessica (D:2)
  3 iguanas
  Terence (D:2)
  2 orc wizards (D:9)
  7 gnolls
  11 adders
  A shadow imp (D:7)
  A white imp (D:6)
  5 dart slugs
  7 ribbon worms
  20 orcs
  7 ball pythons
  3 bats
  10 endoplasms
  8 giant cockroaches
  4 hobgoblins
  7 jackals
  13 kobolds
  7 quokkas
  5 frilled lizards
  11 goblins
  6 rats
  A butterfly (D:6)
207 creatures vanquished.

Vanquished Creatures (collateral kills)
  A kobold brigand (D:8)
  A howler monkey (D:8)
  4 kobolds (D:8)
6 creatures vanquished.

Vanquished Creatures (others)
  2 wights (D:8)
2 creatures vanquished.

Grand Total: 215 creatures vanquished

Notes
Turn   | Place    | Note
-------+----------+-------------------------------------------
     0 | D:1      | inmateoo the Octopode Alchemist began the quest for the
                  | Orb.
     0 | D:1      | Reached XP level 1. HP: 11/11 MP: 3/3
   149 | D:1      | Reached XP level 2. HP: 17/17 MP: 1/5
   485 | D:1      | Reached XP level 3. HP: 17/22 MP: 2/6
   861 | D:1      | Reached skill level 1 in Fighting
  1011 | D:1      | Learned a level 2 spell: Mercury Vapours
  1015 | D:1      | Learned a level 3 spell: Mephitic Cloud
  1202 | D:2      | Reached XP level 4. HP: 24/28 MP: 5/7
  1339 | D:2      | Noticed Jessica
  1377 | D:2      | Killed Jessica
  1378 | D:2      | Reached skill level 1 in Unarmed Combat
  1747 | D:2      | Noticed Terence
  1760 | D:2      | Killed Terence
  1761 | D:2      | Reached XP level 5. HP: 29/33 MP: 4/8
  2550 | D:3      | Reached skill level 1 in Air Magic
  2634 | D:3      | Identified the +1 whip "Tapag" {heavy, rElec rPois}
  2804 | D:3      | Reached XP level 6. HP: 38/39 MP: 10/10
  2915 | D:3      | Learned a level 4 spell: Olgreb's Toxic Radiance
  3608 | D:4      | Noticed a black bear
  3621 | D:4      | Killed a black bear
  3926 | D:4      | Reached XP level 7. HP: 45/45 MP: 3/11
  4003 | D:4      | Found an ancient bone altar of Kikubaaqudgha.
  4212 | D:4      | Found a glowing silver altar of Zin.
  4245 | D:4      | Found an iron altar of Okawaru.
  4686 | D:4      | Reached skill level 5 in Alchemy
  4802 | D:5      | Entered Level 5 of the Dungeon
  4904 | D:5      | Reached skill level 5 in Stealth
  4971 | D:5      | Found a stormy altar of Qazlal.
  4972 | D:5      | Found a white marble altar of Elyvilon.
  4985 | D:5      | Reached XP level 8. HP: 51/51 MP: 10/12
  5167 | D:5      | Found a glowing golden altar of the Shining One.
  6619 | D:6      | Reached XP level 9. HP: 57/57 MP: 5/14
  7252 | D:6      | Found a staircase to the Ecumenical Temple.
  7274 | Temple   | Entered the Ecumenical Temple
  7307 | Temple   | Became a worshipper of Vehumet
  7900 | D:7      | Noticed Menkaure
  7907 | D:7      | Killed Menkaure
  8190 | D:7      | Found a hide-covered altar of Uskayaw.
  8332 | D:7      | Reached skill level 5 in Dodging
  8591 | D:7      | Identified a scroll of acquirement
  8591 | D:7      | Acquired the Textbook on Non-Euclidean Damage
  8599 | D:7      | Learned a level 5 spell: Irradiate
  8686 | D:8      | Noticed Maurice
  8702 | D:7      | HP: 2/59 [water moccasin (6)]
  9212 | D:8      | Found a staircase to the Lair.
  9231 | D:7      | Reached skill level 5 in Spellcasting
  9231 | D:7      | Reached XP level 10. HP: 14/65 MP: 7/17
  9425 | D:8      | Found a sacrificial altar of Ru.
  9428 | D:8      | Reached skill level 5 in Fighting
  9482 | D:8      | Reached skill level 5 in Unarmed Combat
  9703 | D:8      | Reached * piety under Vehumet
  9703 | D:8      | Offered knowledge of Kiss of Death by Vehumet.
  9923 | D:8      | Killed Maurice
  9988 | D:8      | Noticed a centaur warrior
  9999 | D:8      | Killed a centaur warrior
 10007 | D:8      | Reached skill level 5 in Conjurations
 10654 | D:9      | Noticed a centaur warrior
 10674 | D:9      | Killed a centaur warrior
 10683 | D:9      | HP: 3/68 [steam dragon] (19)]
 10683 | D:9      | Slain by a steam dragon

Illustrated notes

Levels and vault maps discovered:
D:1:      onia_arrival_mini_spirals, layout_basic
D:2:      layout_rooms, minmay_misc_feat_rugged, hex_tiny, grunt_ministairs_2,
          serial_bayou_pond_d, uniq_terence, uniq_jessica
D:3:      layout_basic, serial_glass, glass_columns_a, glass_columns_c,
          feat_on_display, minmay_strange_pillars, hangedman_decor_slide_cut,
          minmay_misc_feat_encased, minmay_quadrilaterals
D:4:      minmay_chambers_of_twos, layout_rooms, lemuel_crystal_altar,
          mainiacjoe_overflow_two_lobes, minivault_23
D:5:      minmay_skewed_foursquare, layout_loops_corners,
          nicolae_overflow_crystal_walls, jmf_multi_god_temple
D:6:      layout_loops_corners, minmay_temple_entry_butterflies
D:7:      layout_loops_ring, eat_drink_and_be_merry_uskayaw,
          kennysheep_generic_room_2, uniq_menkaure
D:8:      layout_rooms, lemuel_crystal_altar, minmay_lair_entry_grove,
          uniq_maurice
D:9:      layout_basic, chequers_serial_rivers_room_b, minivault_21,
          nicolae_rejected_hall, uniq_psyche
Temple:   nicolae_temple_godzebo

Skill      XL: |  1  2  3  4  5  6  7  8  9 10 |
---------------+-------------------------------+-----
Stealth        | 3 4 5 6 8 |  8.0
Fighting       | 1 2 3 4 5 |  5.9
Unarmed Combat | 1 2 3 4 5 |  5.8
Air Magic      | 1 2 3 4 |  4.5
Conjurations   | 2 3 4 5 |  5.3
Alchemy        | 4 5 6 7 8 |  8.0
Dodging        | 3 4 5 6 |  6.1
Spellcasting   | 3 5 |  5.7

Action                     |  1- 3 |  4- 6 |  7- 9 | 10-12 || total
---------------------------+-------+-------+-------+-------++-------
  Melee: Unarmed           |    81 |    61 |       |       ||   142
         Tentacles         |    13 |    23 |    37 |    20 ||    93
         Constrict         |    23 |    27 |    32 |    12 ||    94
         Punch             |     1 |     2 |     2 |     2 ||     7
         Whip              |       |    22 |   113 |    54 ||   189
   Cast: Sting             |    34 |    89 |    49 |     8 ||   180
         Mercury Vapours   |       |     2 |       |       ||     2
         Mephitic Cloud    |       |     3 |     7 |     6 ||    16
         Olgreb's Toxic Ra |       |       |    23 |    15 ||    38
  Evoke: Wand              |       |       |    11 |    28 ||    39
    Use: Scroll            |     3 |     4 |     8 |     3 ||    18
         Potion            |       |     3 |     7 |       ||    10
   Stab: Sleeping          |     3 |     3 |     3 |       ||     9
         Distracted        |       |     1 |       |     1 ||     2
         Confused          |       |       |     1 |       ||     1
 Armour: Skin              |    26 |    67 |    95 |    43 ||   231
  Dodge: Dodged            |    50 |    76 |   133 |    45 ||   304
